 Dungeon Crawl Stone Soup version 0.26.1-12-g5ba1501909 (webtiles) character file.

Game seed: 15842064144999942985

159 CoveEight the Gusty (level 5, -1/30 HPs)
             Began as a Tengu Air Elementalist on Dec 14, 2021.
             Slain by a worm (6 damage)
             ... on level 2 of the Dungeon.
             The game lasted 00:06:03 (3260 turns).

CoveEight the Gusty (Tengu Air Elementalist)        Turns: 3260, Time: 00:06:04

Health: -1/30      AC:  2    Str:  8    XL:     5   Next: 40%
Magic:  0/10       EV: 13    Int: 17    God:
Gold:   234        SH:  0    Dex: 14    Spells: 3/9 levels left

rFire    . . .     SeeInvis .   (no weapon)
rCold    . . .     Faith    .   (no shield)
rNeg     . . .     Spirit   .   a - +0 robe
rPois    .         Reflect  .   (helmet restricted)
rElec    .         Harm     .   (no cloak)
rCorr    .         Rampage  .   (no gloves)
Will     .....                  (boots unavailable)
Stlth    ++........             (no amulet)
HPRegen  0.10/turn              (no ring)
MPRegen  0.12/turn              (no ring)

@: very slightly contaminated
A: beak, talons 3, able to fly
a: Fly


You were on level 2 of the Dungeon.
You visited 1 branch of the dungeon, and saw 4 of its levels.

You collected 234 gold pieces.

Inventory:

Armour
 a - a +0 robe (worn)
 l - a +0 buckler
Scrolls
 b - 3 scrolls of teleportation {unknown}
 c - 7 scrolls of identify {unknown}
 d - a scroll of enchant armour {unknown}
 e - a scroll of enchant weapon {unknown}
 g - a scroll of amnesia {unknown}
 i - 2 scrolls of blinking {unknown}
 j - 2 scrolls of remove curse {unknown}
 m - a scroll of magic mapping {unknown}
Potions
 f - 3 potions of curing {unknown}
 h - a potion of ambrosia {unknown}
 k - a potion of lignification {unknown}
 n - a potion of resistance {unknown}
 o - a potion of degeneration {unknown}
 p - a potion of cancellation {unknown}
 q - a potion of brilliance {unknown}


   Skills:
 + Level 1.7 Fighting
 + Level 2.8 Dodging
 + Level 2.7 Stealth
 * Level 0.6 Shields
 * Level 2.9 Spellcasting
 + Level 2.4 Conjurations
 * Level 5.2 Air Magic


You had 3 spell levels left.
You knew the following spells:

 Your Spells              Type           Power        Failure   Level
a - Shock                 Conj/Air       60%          3%          1
b - Swiftness             Air            20%          3%          2
c - Static Discharge      Conj/Air       15%          11%         3

Your spell library contained the following spells:

 Spells                   Type           Power        Failure   Level
 Airstrike                Air            10%          21%         4
 Lightning Bolt           Conj/Air       7%           71%         5


Dungeon Overview and Level Annotations

Branches:
Dungeon (4/15)
 Temple: D:4-7

Altars:
Hepliaklqana
Vehumet
Zin

Annotations:
D:4 Eustachio


Innate Abilities, Weirdness & Mutations

You have a beak for a mouth.
You have claws for feet.
You can fly continuously.


Message History

Press: ? - help, Shift-Dir - straight line, f/p - worm
Aim: a worm (severely wounded, 10% to evade)
The zap hits the worm.
The worm is almost dead.
Unknown command.
You barely miss the worm. You peck the worm, but do no damage.
The worm is almost dead.
The worm closely misses you.
You hit the worm but do no damage. You claw the worm.
Your peck misses the worm.
The worm is almost dead.
The worm bites you!
* * * LOW HITPOINT WARNING * * *
You hit the worm but do no damage.
The worm is severely wounded.
You hit the worm but do no damage. You claw the worm, but do no damage.
Your peck misses the worm.
The worm is severely wounded.
The worm bites you.
You die...

### #.# ######[####.....##.
##.###.# #.....#.##.......#.
##..<##.#######....#.##..........
......................+..........
##...##.#######....####..........
##.###.# #.#.## ##.......##
#####.# #.### ##.....## #..#
#.### ##...## #.## #.@.# ##†##
#.# ###w# #.# #.# .# #.# ### #.#
.. ##<### ..# #.# .## ##....###
#.# #.# .# ####....††.. #.# #.#
). ..........### #.####.# ..
.#####...## .......# #...#


You could see a worm.

Vanquished Creatures
  Terence (D:2)
  A hound skeleton (D:4)
  Robin (D:4)
  4 adders
  An ooze (D:2)
  2 dart slugs (D:1)
  2 orcs (D:4)
  A giant cockroach (D:2)
  9 goblins
  8 hobgoblins
  7 jackals
  4 quokkas (D:2)
  10 bats
  3 kobolds
  6 rats
60 creatures vanquished.

Notes
Turn   | Place    | Note
-------+----------+-------------------------------------------
     0 | D:1      | CoveEight the Tengu Air Elementalist began the quest for
                  | the Orb.
     0 | D:1      | Reached XP level 1. HP: 10/10 MP: 4/4
   455 | D:1      | Reached XP level 2. HP: 15/15 MP: 3/6
  1166 | D:2      | Reached XP level 3. HP: 16/20 MP: 1/7
  1169 | D:2      | Learned a level 2 spell: Swiftness
  1173 | D:2      | Learned a level 3 spell: Static Discharge
  1252 | D:2      | Found a glowing silver altar of Zin.
  1598 | D:2      | You fall into a shaft and drop 2 floors!
  1600 | D:4      | Found a radiant altar of Vehumet.
  1684 | D:4      | Reached skill level 1 in Fighting
  1684 | D:4      | Reached XP level 4. HP: 19/25 MP: 6/8
  1850 | D:4      | Noticed Eustachio
  2080 | D:4      | Noticed Robin
  2103 | D:4      | Killed Robin
  2465 | D:3      | Found a hazy altar of Hepliaklqana.
  2592 | D:2      | Noticed Terence
  2599 | D:2      | Killed Terence
  2600 | D:2      | Reached skill level 5 in Air Magic
  2600 | D:2      | Gained mutation: You can fly continuously. [Tengu growth]
  2600 | D:2      | Reached XP level 5. HP: 23/29 MP: 0/10
  3260 | D:2      | Slain by a worm

Illustrated notes

Levels and vault maps discovered:
D:1:      onia_arrival_pyramid, layout_loops_ring
D:2:      layout_loops_corners, old_standard_altar, cheibriados_altar_1,
          dk_noncrumbling_4, dk_noncrumbling_3, hangedman_decor_riveting,
          minmay_fractal_squares_5, uniq_terence
D:3:      layout_basic, nzn_hepliaklqana_mist_gate,
          nemelex_xobeh_ov_fountains_minmay, uniq_crazy_yiuf_cottage
D:4:      layout_rooms, lemuel_doored_altar,
          chequers_temple_overflow_minitemple, minmay_manual_mullet, uniq_robin,
          uniq_eustachio

Skill      XL: |  1  2  3  4 |
---------------+-------------+-----
Fighting       | 1 |  1.7
Conjurations   | 2 |  2.4
Air Magic      | 5 |  5.2
Dodging        | |  2.8
Stealth        | |  2.7
Shields        | |  0.6
Spellcasting   | |  2.9

Action                   |  1- 3 |  4- 6 || total
-------------------------+-------+-------++-------
Melee: Unarmed           |    26 |    11 ||    37
       Kick              |     6 |     5 ||    11
       Peck              |     4 |     4 ||     8
 Cast: Shock             |    49 |    64 ||   113
       Swiftness         |     1 |     1 ||     2
       Static Discharge  |       |     2 ||     2
Armor: Robe              |     5 |     5 ||    10
Dodge: Dodged            |    25 |    24 ||    49
